Devils vs Punishers
Created - December 30, 2021 at 23:09
Goals
|
Devils |
1 |
1 |
1 |
3 |
Punishers |
2 |
0 |
3 |
5 |
|
Shots
|
Devils |
9 |
9 |
10 |
28 |
Punishers |
14 |
8 |
10 |
32 |
|
1st period
1. Punishers , Zack Hamill 5 (Corey Tropp 8) at 5:30
2. Punishers , Nikita Gusev 2 (John Quenneville 2, Niko Mikkola 1) at 11:14
3. Devils , Logan Shaw 8 (Ben Hutton 5, Sam Bennett 9) at 11:54
Penalties :
No Penalty
2nd period
4. Devils , Reid Boucher 2 (Brett Seney 3) at 2:14
Penalties :
Brett Kulak (Pro) for Hooking (Minor) at 0:05, Carter Ashton (Pro) for Holding (Minor) at 6:42
3rd period
5. Punishers , Zack Hamill 6 (Tyler Bertuzzi 6, Corey Tropp 9) at 5:04
6. Devils , Logan Shaw 9 (Robbie Russo 1, Sam Bennett 10) at 6:25
7. Punishers , Zack Hamill 7 (Corey Tropp 10) at 8:07
8. Punishers , John Quenneville 4 (Connor Clifton 1) at 18:22
Penalties :
Corey Tropp (Pro) for Hooking (Minor) at 8:29
Goalie Stats
Calvin Pickard (Bin), 27 saves from 32 shots - (0.844), L, 3-4-0, 60:00 minutes
Louis Domingue (Pro), 25 saves from 28 shots - (0.893), W, 5-3-1, 60:00 minutes
Players Stats for Devils
Player Name G A P +/- PIM S H SB GA TA FO MP PP MP PK MP
------------------------------------------------------------------------------------
Alan Quine 0 0 0 -3 0 2 0 0 0 1 3/9 18:04 2:43 0:00
Ben Hutton 0 1 1 -1 0 1 0 0 1 1 0/0 23:21 3:45 0:00
Brandon Carlo 0 0 0 -1 0 0 1 1 0 1 0/0 23:21 3:45 0:00
Brett Howden 0 0 0 -1 0 0 0 0 0 0 2/5 8:07 0:00 0:00
Brett Seney 0 1 1 1 0 3 0 0 0 2 0/0 13:13 0:00 0:00
Christian Wolanin 0 0 0 0 0 0 1 0 0 0 0/0 6:41 0:00 0:00
Conor Garland 0 0 0 1 0 1 2 0 0 0 0/1 13:13 0:00 0:00
Dalton Thrower 0 0 0 -1 0 0 0 2 0 3 0/0 18:05 2:12 0:00
Darren Dietz 0 0 0 -1 0 2 1 1 0 0 0/0 18:05 2:12 0:00
Ilya Lyubushkin 0 0 0 0 0 0 0 1 0 0 0/0 11:53 0:00 0:00
Jake Bean 0 0 0 0 0 0 0 1 0 0 0/0 6:41 0:00 0:00
Jonny Brodzinski 0 0 0 -1 0 3 1 0 0 0 0/0 8:07 0:00 0:00
Joonas Donskoi 0 0 0 -3 0 1 2 0 0 0 0/0 17:44 2:43 0:00
Logan Shaw 2 0 2 1 0 6 2 0 2 0 1/2 20:36 3:14 0:00
Mason Marchment 0 0 0 -1 0 0 0 0 1 0 0/0 8:07 0:00 0:00
Reid Boucher 1 0 1 1 0 2 4 0 1 0 2/2 13:33 0:00 0:00
Robbie Russo 0 1 1 0 0 0 1 1 2 1 0/0 11:53 0:00 0:00
Sam Bennett 0 2 2 1 0 4 2 0 1 0 7/27 20:36 3:14 0:00
Sven Baertschi 0 0 0 1 0 2 1 1 0 0 2/4 20:36 3:14 0:00
Valeri Nichushkin 0 0 0 -3 0 1 0 2 0 0 0/0 18:04 2:43 0:00
Players Stats for Punishers
Player Name G A P +/- PIM S H SB GA TA FO MP PP MP PK MP
------------------------------------------------------------------------------------
Alex Schoenborn 0 0 0 0 0 0 0 0 0 0 0/0 1:26 0:00 0:00
Alexander Nylander 0 0 0 0 0 0 0 0 0 0 0/0 0:20 0:00 0:00
Anton Blidh 0 0 0 0 0 2 0 0 0 0 0/0 9:49 0:00 1:24
Artem Zub 0 0 0 0 0 0 2 3 2 0 0/0 20:09 0:00 2:35
Austen Brassard 0 0 0 0 0 2 0 1 1 0 1/1 12:16 0:00 0:00
Beck Malenstyn 0 0 0 0 0 0 0 0 0 0 0/0 0:00 0:00 0:00
Ben Betker 0 0 0 -1 0 0 5 1 1 2 0/0 25:09 0:00 3:08
Brett Kulak 0 0 0 -1 2 2 2 0 1 4 0/0 24:05 0:00 2:01
Carter Ashton 0 0 0 0 2 4 0 0 0 1 1/1 14:42 0:00 0:00
Chrstian Dvorak 0 0 0 0 0 5 1 0 0 0 2/2 15:22 0:00 0:33
Connor Clifton 0 1 1 3 0 0 0 1 0 0 0/0 14:46 0:00 1:07
Corey Tropp 0 3 3 2 2 1 0 0 0 1 0/2 20:16 0:00 1:58
Daniel Audette 0 0 0 0 0 1 0 0 0 0 1/3 9:04 0:00 0:43
Gabriel Gagne 0 0 0 0 0 0 0 0 0 0 0/0 2:01 0:00 1:37
John Quenneville 1 1 2 0 0 2 0 1 1 0 5/6 12:39 0:00 0:21
Michael Joly 0 0 0 0 0 3 0 0 0 0 0/0 8:18 0:00 0:00
Nicolas Roy 0 0 0 0 0 0 0 0 0 0 0/0 0:00 0:00 0:00
Nikita Gusev 1 0 1 0 0 4 1 0 0 0 0/0 12:16 0:00 0:00
Niko Mikkola 0 1 1 3 0 0 1 1 0 0 0/0 13:57 0:00 0:14
Noah Juulsen 0 0 0 0 0 0 2 1 0 0 0/0 21:12 0:00 2:49
Radek Faksa 0 0 0 0 0 1 2 0 2 0 10/13 15:55 0:00 1:12
Tyler Bertuzzi 0 1 1 2 0 1 3 0 0 0 0/0 19:25 0:00 1:12
Zack Hamill 3 0 3 2 0 4 3 0 1 0 13/22 20:53 0:00 2:54
3 Stars
1 - Zack Hamill (Pro)
2 - Logan Shaw (Bin)
3 - Corey Tropp (Pro)
Power Play
Devils - 0 on 3 Attempt(s) - 0.00%
Punishers - 0 on 0 Attempt(s) - 0.00%
Penalty Kill
Devils - 0 on 0 Attempt(s) - 0.00%
- Score 0 goal in Penalty Kill
Punishers - 3 on 3 Attempt(s) - 100.00%
- Score 0 goal in Penalty Kill
Team Stat
Devils - Hits : 18 - Faceoff Wins : 17 - Blocked Shots : 10 - Penalty Minutes : 0
Punishers - Hits : 22 - Faceoff Wins : 33 - Blocked Shots : 9 - Penalty Minutes : 6
Official
Referees : Michael Markovic and Brad Meier
Linesman : Trent Knorr and Devin Berg
Game Notes
1:42 of 3rd period - Devils goal is going for a video replay. After video review, No Goal. The goalkeeper has been pushed into the net together with the puck after making a save.
Zack Hamill has scored a Hat Trick!
Finance
Level 1 -- Attendance: 1751 (87.55%) -- Ticket Income $61,285
Level 2 -- Attendance: 931 (93.10%) -- Ticket Income $13,965
Total Attendance: 2682 (89.40%)
Total Ticket Income: $75,250
Other Income: $3,762
Total Income: $79,012
Devils
5 vs 5 Forward
Center Left Wing Right Wing Time % Phy DF OF
1 Sam Bennett Sven Baertschi Logan Shaw 40 0 2 3
2 Alan Quine Valeri Nichushkin Joonas Donskoi 30 0 2 3
3 Reid Boucher Brett Seney Conor Garland 20 0 2 3
4 Brett Howden Mason Marchment Jonny Brodzinski 10 0 2 3
5 vs 5 Defense
Defense Defense Time % Phy DF OF
1 Brandon Carlo Ben Hutton 40 0 3 2
2 Darren Dietz Dalton Thrower 30 0 3 2
3 Ilya Lyubushkin Robbie Russo 20 0 3 2
4 Christian Wolanin Jake Bean 10 0 3 2
PowerPlay Forward
Center Left Wing Right Wing Time % Phy DF OF
1 Sam Bennett Sven Baertschi Logan Shaw 60 0 1 4
2 Alan Quine Valeri Nichushkin Joonas Donskoi 40 0 1 4
PowerPlay Defense
Defense Defense Time % Phy DF OF
1 Brandon Carlo Ben Hutton 60 0 2 3
2 Darren Dietz Dalton Thrower 40 0 2 3
Penalty Kill 4 Players Forward
Center Wing Time % Phy DF OF
1 Sam Bennett Sven Baertschi 60 1 4 0
2 Alan Quine Logan Shaw 40 1 4 0
Penalty Kill 4 Players Defense
Defense Defense Time % Phy DF OF
1 Brandon Carlo Ben Hutton 60 1 4 0
2 Darren Dietz Dalton Thrower 40 1 4 0
Penalty Kill - 3 Players Forward
Forward Time % Phy DF OF
1 Sam Bennett 60 1 3 1
2 Alan Quine 40 1 3 1
Penalty Kill - 3 Players Defense
Defense Defense Time % Phy DF OF
1 Brandon Carlo Ben Hutton 60 1 4 0
2 Darren Dietz Dalton Thrower 40 1 4 0
4 vs 4 Forward
Center Wing Time % Phy DF OF
1 Sam Bennett Sven Baertschi 60 0 2 3
2 Alan Quine Valeri Nichushkin 40 0 2 3
4 vs 4 Defense
Defense Defense Time % Phy DF OF
1 Brandon Carlo Ben Hutton 60 0 3 2
2 Darren Dietz Dalton Thrower 40 0 3 2
Last Minutes Offensive
Center Left Wing Right Wing Defense Defense
Sam Bennett Sven Baertschi Logan Shaw Brandon Carlo Ben Hutton
Last Minutes Defensive
Center Left Wing Right Wing Defense Defense
Sam Bennett Sven Baertschi Logan Shaw Brandon Carlo Ben Hutton
Goaltenders
Starting : Calvin Pickard
Backup : Juuse Saros
Extra Forwards
Normal : Valeri Nichushkin, Alan Quine, Reid Boucher - PP : Valeri Nichushkin, Alan Quine - PK : Valeri Nichushkin
Extra Defensemen
Normal : Robbie Russo, Christian Wolanin, Jake Bean - PP : Robbie Russo - PK : Robbie Russo, Christian Wolanin
Penalty Shots
Logan Shaw, Sven Baertschi, Sam Bennett, Joonas Donskoi, Valeri Nichushkin
Scratches
Cristiano Digiacinto (Healthy), Vincent Desharnais (Healthy)
Punishers
5 vs 5 Forward
Center Left Wing Right Wing Time % Phy DF OF
1 Zack Hamill Tyler Bertuzzi Corey Tropp 40 1 2 2
2 Radek Faksa Chrstian Dvorak Carter Ashton 30 1 2 2
3 John Quenneville Nikita Gusev Austen Brassard 20 1 2 2
4 Daniel Audette Anton Blidh Michael Joly 10 1 2 2
5 vs 5 Defense
Defense Defense Time % Phy DF OF
1 Brett Kulak Ben Betker 40 1 2 2
2 Artem Zub Noah Juulsen 30 1 2 2
3 Niko Mikkola Connor Clifton 20 1 2 2
4 Brett Kulak Ben Betker 10 1 2 2
PowerPlay Forward
Center Left Wing Right Wing Time % Phy DF OF
1 Zack Hamill Tyler Bertuzzi Corey Tropp 60 1 2 2
2 Radek Faksa Chrstian Dvorak Carter Ashton 40 1 2 2
PowerPlay Defense
Defense Defense Time % Phy DF OF
1 Brett Kulak Ben Betker 60 1 2 2
2 Artem Zub Noah Juulsen 40 1 2 2
Penalty Kill 4 Players Forward
Center Wing Time % Phy DF OF
1 Zack Hamill Corey Tropp 60 1 2 2
2 Tyler Bertuzzi Radek Faksa 40 1 2 2
Penalty Kill 4 Players Defense
Defense Defense Time % Phy DF OF
1 Brett Kulak Ben Betker 60 1 2 2
2 Artem Zub Noah Juulsen 40 1 2 2
Penalty Kill - 3 Players Forward
Forward Time % Phy DF OF
1 Zack Hamill 60 1 2 2
2 Corey Tropp 40 1 2 2
Penalty Kill - 3 Players Defense
Defense Defense Time % Phy DF OF
1 Brett Kulak Ben Betker 60 1 2 2
2 Artem Zub Noah Juulsen 40 1 2 2
4 vs 4 Forward
Center Wing Time % Phy DF OF
1 Zack Hamill Corey Tropp 60 1 2 2
2 Tyler Bertuzzi Radek Faksa 40 1 2 2
4 vs 4 Defense
Defense Defense Time % Phy DF OF
1 Brett Kulak Ben Betker 60 1 2 2
2 Artem Zub Noah Juulsen 40 1 2 2
Last Minutes Offensive
Center Left Wing Right Wing Defense Defense
Zack Hamill Tyler Bertuzzi Corey Tropp Brett Kulak Ben Betker
Last Minutes Defensive
Center Left Wing Right Wing Defense Defense
Zack Hamill Tyler Bertuzzi Corey Tropp Brett Kulak Ben Betker
Goaltenders
Starting : Louis Domingue
Backup : Daniel Altshuller
Extra Forwards
Normal : Alex Schoenborn, Alexander Nylander, Gabriel Gagne - PP : Alex Schoenborn, Alexander Nylander - PK : Gabriel Gagne
Extra Defensemen
Normal : Niko Mikkola, Connor Clifton, Artem Zub - PP : Niko Mikkola - PK : Connor Clifton, Artem Zub
Penalty Shots
Zack Hamill, Corey Tropp, Tyler Bertuzzi, Radek Faksa, Carter Ashton
Scratches
Andreas Athanasiou (Healthy), Austin Wagner (Healthy), Fredrik Claesson (Dislocated Patella Injury)
% Time on Ice - Devils
Lines # - Real PCT - Wanted PCT - Time Play
Normal Forward
1 - 33% - 40% - 17:42
2 - 28% - 30% - 15:01
3 - 24% - 20% - 13:13
4 - 15% - 10% - 8:07
Normal Defense
1 - 36% - 40% - 19:36
2 - 29% - 30% - 15:53
3 - 22% - 20% - 11:53
4 - 12% - 10% - 6:41
PP Forward
1 - 54% - 60% - 3:14
2 - 46% - 40% - 2:43
PP Defense
1 - 63% - 60% - 3:45
2 - 37% - 40% - 2:12
PK Forward
1 - 0% - 60%
2 - 0% - 40%
PK Defense
1 - 0% - 60%
2 - 0% - 40%
PK3 Forward
1 - 0% - 60%
2 - 0% - 40%
PK3 Defense
1 - 0% - 60%
2 - 0% - 40%
44 Forward
1 - 0% - 60%
2 - 0% - 40%
44 Defense
1 - 0% - 60%
2 - 0% - 40%
Last Minute Offensive - 0:00
Last Minute Defensive - 0:00
Total
Forward - 60:00
Defense - 60:00
|
% Time on Ice - Punishers
Lines # - Real PCT - Wanted PCT - Time Play
Normal Forward
1 - 35% - 40% - 18:46
2 - 27% - 30% - 14:43
3 - 23% - 20% - 12:16
4 - 15% - 10% - 8:18
Normal Defense
1 - 37% - 40% - 19:59
2 - 34% - 30% - 18:19
3 - 25% - 20% - 13:39
4 - 4% - 10% - 2:06
PP Forward
1 - 0% - 60%
2 - 0% - 40%
PP Defense
1 - 0% - 60%
2 - 0% - 40%
PK Forward
1 - 80% - 60% - 4:45
2 - 20% - 40% - 1:12
PK Defense
1 - 57% - 60% - 3:22
2 - 43% - 40% - 2:35
PK3 Forward
1 - 0% - 60%
2 - 0% - 40%
PK3 Defense
1 - 0% - 60%
2 - 0% - 40%
44 Forward
1 - 0% - 60%
2 - 0% - 40%
44 Defense
1 - 0% - 60%
2 - 0% - 40%
Last Minute Offensive - 0:00
Last Minute Defensive - 0:00
Total
Forward - 60:00
Defense - 60:00
|
Play-by-Play
1st period
0:01 of 1st period - Sam Bennett wins face-off versus Zack Hamill in neutral zone.
0:14 of 1st period - Snap shot by Corey Tropp.
0:14 of 1st period - Stopped by Calvin Pickard without a rebound.
0:15 of 1st period - Chrstian Dvorak wins face-off versus Alan Quine in Devils zone.
0:40 of 1st period - Wrist shot by Jonny Brodzinski.
0:40 of 1st period - Stopped by Louis Domingue with a rebound.
0:42 of 1st period - Wrist shot by Robbie Russo.
0:42 of 1st period - Deflect By Jonny Brodzinski.
0:42 of 1st period - Shot Misses the Net.
0:42 of 1st period - Puck is out of play.
0:43 of 1st period - Austen Brassard wins face-off versus Brett Howden in Punishers zone.
1:09 of 1st period - Icing by Corey Tropp.
1:10 of 1st period - Zack Hamill wins face-off versus Sam Bennett in Punishers zone.
1:35 of 1st period - Brett Kulak is hit by Conor Garland and loses puck.
2:04 of 1st period - Snap shot by Carter Ashton.
2:04 of 1st period - Deflect By Chrstian Dvorak.
2:04 of 1st period - Shot Misses the Net.
2:04 of 1st period - Puck is out of play.
2:05 of 1st period - Sam Bennett wins face-off versus Zack Hamill in Devils zone.
2:12 of 1st period - Slapshot by Sam Bennett.
2:12 of 1st period - Stopped by Louis Domingue without a rebound.
2:13 of 1st period - Sam Bennett wins face-off versus Zack Hamill in Punishers zone.
2:40 of 1st period - Wrist shot by Nikita Gusev.
2:40 of 1st period - Stopped by Calvin Pickard with a rebound.
3:04 of 1st period - Brett Kulak is hit by Reid Boucher and loses puck.
3:42 of 1st period - Icing by Dalton Thrower.
3:43 of 1st period - Zack Hamill wins face-off versus Brett Howden in Devils zone.
4:04 of 1st period - Darren Dietz is hit by Tyler Bertuzzi and loses puck.
4:15 of 1st period - Slapshot by Darren Dietz.
4:15 of 1st period - Shot Misses the Net.
4:51 of 1st period - Snap shot by Zack Hamill.
4:51 of 1st period - Stopped by Calvin Pickard with a rebound.
5:09 of 1st period - Wrist shot by Mason Marchment.
5:09 of 1st period - Shot Misses the Net.
5:15 of 1st period - Dalton Thrower is hit by Tyler Bertuzzi and loses puck.
5:30 of 1st period - Snap shot by Zack Hamill.
5:30 of 1st period - Goal by Zack Hamill - Devils : 0 - Punishers : 1.
5:31 of 1st period - Radek Faksa wins face-off versus Sam Bennett in neutral zone.
5:58 of 1st period - Brandon Carlo is hit by Nikita Gusev and loses puck.
7:40 of 1st period - Jake Bean is hit by Radek Faksa and loses puck.
8:04 of 1st period - Ben Betker is hit by Conor Garland and loses puck.
9:39 of 1st period - Snap shot by Anton Blidh.
9:39 of 1st period - Stopped by Calvin Pickard with a rebound.
10:13 of 1st period - Snap shot by Sam Bennett.
10:13 of 1st period - Stopped by Louis Domingue with a rebound.
10:19 of 1st period - Sam Bennett is hit by Noah Juulsen and loses puck.
10:58 of 1st period - Icing by Niko Mikkola.
10:59 of 1st period - Alan Quine wins face-off versus Radek Faksa in Punishers zone.
11:14 of 1st period - Wrist shot by Nikita Gusev.
11:14 of 1st period - Goal by Nikita Gusev - Devils : 0 - Punishers : 2.
11:15 of 1st period - Sam Bennett wins face-off versus Zack Hamill in neutral zone.
11:24 of 1st period - Wrist shot by Corey Tropp.
11:24 of 1st period - Shot Hit the Post.
11:54 of 1st period - Slapshot by Logan Shaw.
11:54 of 1st period - Goal by Logan Shaw - Devils : 1 - Punishers : 2.
11:55 of 1st period - Radek Faksa wins face-off versus Alan Quine in neutral zone.
12:08 of 1st period - Slapshot by Chrstian Dvorak.
12:08 of 1st period - Stopped by Calvin Pickard with a rebound.
12:10 of 1st period - Wrist shot by Radek Faksa.
12:10 of 1st period - Shot Blocked by Brandon Carlo.
12:47 of 1st period - Corey Tropp is hit by Reid Boucher and loses puck.
12:52 of 1st period - Wrist shot by Brett Seney.
12:52 of 1st period - Shot Misses the Net.
12:54 of 1st period - Slapshot by Darren Dietz.
12:54 of 1st period - Stopped by Louis Domingue with a rebound.
13:06 of 1st period - Snap shot by Radek Faksa.
13:06 of 1st period - Deflect By Chrstian Dvorak.
13:06 of 1st period - Stopped by Calvin Pickard with a rebound.
13:08 of 1st period - Snap shot by Carter Ashton.
13:08 of 1st period - Shot Misses the Net.
13:10 of 1st period - Snap shot by Chrstian Dvorak.
13:10 of 1st period - Stopped by Calvin Pickard with a rebound.
13:12 of 1st period - Snap shot by Chrstian Dvorak.
13:12 of 1st period - Stopped by Calvin Pickard without a rebound.
13:13 of 1st period - Radek Faksa wins face-off versus Sven Baertschi in Devils zone.
13:14 of 1st period - Snap shot by Chrstian Dvorak.
13:14 of 1st period - Shot Misses the Net.
13:59 of 1st period - Niko Mikkola is hit by Brandon Carlo.
14:27 of 1st period - Snap shot by Anton Blidh.
14:27 of 1st period - Stopped by Calvin Pickard without a rebound.
14:28 of 1st period - Chrstian Dvorak wins face-off versus Alan Quine in Devils zone.
14:31 of 1st period - Snap shot by Radek Faksa.
14:31 of 1st period - Shot Misses the Net.
14:33 of 1st period - Snap shot by Brett Kulak.
14:33 of 1st period - Shot Misses the Net.
14:39 of 1st period - Wrist shot by Joonas Donskoi.
14:39 of 1st period - Shot Misses the Net.
14:53 of 1st period - Alan Quine is hit by Ben Betker and loses puck.
15:12 of 1st period - Wrist shot by Alan Quine.
15:12 of 1st period - Stopped by Louis Domingue with a rebound.
16:02 of 1st period - Snap shot by Joonas Donskoi.
16:02 of 1st period - Shot Misses the Net.
16:27 of 1st period - Snap shot by Austen Brassard.
16:27 of 1st period - Stopped by Calvin Pickard without a rebound.
16:28 of 1st period - Zack Hamill wins face-off versus Sam Bennett in Devils zone.
17:12 of 1st period - Icing by Brett Seney.
17:13 of 1st period - Daniel Audette wins face-off versus Conor Garland in Devils zone.
17:20 of 1st period - Snap shot by Tyler Bertuzzi.
17:20 of 1st period - Stopped by Calvin Pickard with a rebound.
17:42 of 1st period - Snap shot by Reid Boucher.
17:42 of 1st period - Shot Blocked by Connor Clifton.
17:44 of 1st period - Snap shot by Brett Seney.
17:44 of 1st period - Shot Misses the Net.
17:59 of 1st period - Slapshot by Conor Garland.
17:59 of 1st period - Stopped by Louis Domingue without a rebound.
18:00 of 1st period - Radek Faksa wins face-off versus Sam Bennett in Punishers zone.
18:05 of 1st period - Slapshot by Carter Ashton.
18:05 of 1st period - Stopped by Calvin Pickard without a rebound.
18:06 of 1st period - Radek Faksa wins face-off versus Sam Bennett in Devils zone.
18:27 of 1st period - Artem Zub is hit by Logan Shaw and loses puck.
18:42 of 1st period - Logan Shaw is hit by Chrstian Dvorak and loses puck.
18:49 of 1st period - Carter Ashton is hit by Darren Dietz and loses puck.
18:58 of 1st period - Slapshot by Sam Bennett.
18:58 of 1st period - Stopped by Louis Domingue with a rebound.
19:14 of 1st period - Artem Zub is hit by Sam Bennett and loses puck.
19:41 of 1st period - Wrist shot by Sven Baertschi.
19:41 of 1st period - Stopped by Louis Domingue without a rebound.
19:42 of 1st period - Zack Hamill wins face-off versus Alan Quine in Punishers zone.
Goals for this period are 1 for Devils vs 2 for Punishers.
Shots for this period are 9 for Devils vs 14 for Punishers.
2nd period
0:01 of 2nd period - Sam Bennett wins face-off versus Zack Hamill in neutral zone.
0:05 of 2nd period - Minor Penalty to Brett Kulak for Hooking.
0:06 of 2nd period - Sven Baertschi wins face-off versus Zack Hamill in Punishers zone.
0:07 of 2nd period - Snap shot by Logan Shaw.
0:07 of 2nd period - Deflect By Corey Tropp.
0:07 of 2nd period - Stopped by Louis Domingue without a rebound.
0:08 of 2nd period - Zack Hamill wins face-off versus Sam Bennett in Punishers zone.
1:31 of 2nd period - Sven Baertschi is hit by Ben Betker and loses puck.
2:05 of 2nd period - Penalty to Brett Kulak is over, Brett Kulak is back on ice.
2:14 of 2nd period - Backhand shot by Reid Boucher.
2:14 of 2nd period - Goal by Reid Boucher - Devils : 2 - Punishers : 2.
2:15 of 2nd period - Sven Baertschi wins face-off versus Zack Hamill in neutral zone.
2:40 of 2nd period - Chrstian Dvorak is hit by Christian Wolanin and loses puck.
3:06 of 2nd period - Wrist shot by Michael Joly.
3:06 of 2nd period - Stopped by Calvin Pickard with a rebound.
3:08 of 2nd period - Slapshot by Anton Blidh.
3:08 of 2nd period - Shot Blocked by Valeri Nichushkin.
3:28 of 2nd period - Valeri Nichushkin is hit by Zack Hamill and loses puck.
3:39 of 2nd period - Slapshot by John Quenneville.
3:39 of 2nd period - Shot Misses the Net.
3:41 of 2nd period - Slapshot by Austen Brassard.
3:41 of 2nd period - Shot Misses the Net.
3:43 of 2nd period - Wrist shot by Austen Brassard.
3:43 of 2nd period - Shot Blocked by Jake Bean.
3:45 of 2nd period - Slapshot by Brett Kulak.
3:45 of 2nd period - Stopped by Calvin Pickard with a rebound.
3:59 of 2nd period - Carter Ashton is hit by Reid Boucher and loses puck.
5:00 of 2nd period - Wrist shot by Alan Quine.
5:00 of 2nd period - Shot Blocked by John Quenneville.
5:20 of 2nd period - Wrist shot by Carter Ashton.
5:20 of 2nd period - Stopped by Calvin Pickard with a rebound.
5:22 of 2nd period - Slapshot by Niko Mikkola.
5:22 of 2nd period - Shot Blocked by Darren Dietz.
5:32 of 2nd period - Michael Joly is hit by Logan Shaw and loses puck.
5:39 of 2nd period - Sven Baertschi is hit by Niko Mikkola and loses puck.
6:12 of 2nd period - Valeri Nichushkin is hit by Ben Betker and loses puck.
6:19 of 2nd period - Slapshot by Austen Brassard.
6:19 of 2nd period - Stopped by Calvin Pickard with a rebound.
6:42 of 2nd period - Minor Penalty to Carter Ashton for Holding.
6:43 of 2nd period - Zack Hamill wins face-off versus Sam Bennett in Punishers zone.
7:36 of 2nd period - Valeri Nichushkin is hit by Zack Hamill and loses puck.
8:42 of 2nd period - Penalty to Carter Ashton is over, Carter Ashton is back on ice.
8:55 of 2nd period - Backhand shot by Brett Seney.
8:55 of 2nd period - Stopped by Louis Domingue without a rebound.
8:56 of 2nd period - John Quenneville wins face-off versus Brett Howden in Punishers zone.
9:53 of 2nd period - Off-side.
9:54 of 2nd period - Logan Shaw wins face-off versus Radek Faksa in neutral zone.
10:26 of 2nd period - Wrist shot by Nikita Gusev.
10:26 of 2nd period - Shot Misses the Net.
10:28 of 2nd period - Wrist shot by John Quenneville.
10:28 of 2nd period - Shot Misses the Net.
10:30 of 2nd period - Slapshot by Connor Clifton.
10:30 of 2nd period - Shot Blocked by Dalton Thrower.
10:32 of 2nd period - Wrist shot by Austen Brassard.
10:32 of 2nd period - Shot Misses the Net.
11:21 of 2nd period - Wrist shot by Jonny Brodzinski.
11:21 of 2nd period - Shot Blocked by Artem Zub.
11:23 of 2nd period - Snap shot by Jonny Brodzinski.
11:23 of 2nd period - Shot Misses the Net.
11:33 of 2nd period - Wrist shot by Sven Baertschi.
11:33 of 2nd period - Shot Misses the Net.
11:35 of 2nd period - Snap shot by Sven Baertschi.
11:35 of 2nd period - Shot Misses the Net.
11:37 of 2nd period - Slapshot by Brandon Carlo.
11:37 of 2nd period - Shot Misses the Net.
11:39 of 2nd period - Snap shot by Logan Shaw.
11:39 of 2nd period - Shot Blocked by Artem Zub.
12:37 of 2nd period - Ben Betker is hit by Sven Baertschi and loses puck.
13:05 of 2nd period - Icing by Mason Marchment.
13:06 of 2nd period - Brett Howden wins face-off versus Zack Hamill in Devils zone.
13:15 of 2nd period - Wrist shot by Logan Shaw.
13:15 of 2nd period - Stopped by Louis Domingue with a rebound.
13:17 of 2nd period - Slapshot by Jake Bean.
13:17 of 2nd period - Deflect By Sam Bennett.
13:17 of 2nd period - Stopped by Louis Domingue without a rebound.
13:18 of 2nd period - Zack Hamill wins face-off versus Logan Shaw in Punishers zone.
13:48 of 2nd period - Slapshot by Radek Faksa.
13:48 of 2nd period - Stopped by Calvin Pickard without a rebound.
13:49 of 2nd period - Radek Faksa wins face-off versus Sam Bennett in Devils zone.
14:04 of 2nd period - Snap shot by Sven Baertschi.
14:04 of 2nd period - Shot Misses the Net.
14:14 of 2nd period - Connor Clifton is hit by Joonas Donskoi and loses puck.
14:23 of 2nd period - Wrist shot by Zack Hamill.
14:23 of 2nd period - Shot Blocked by Dalton Thrower.
14:25 of 2nd period - Slapshot by Ben Betker.
14:25 of 2nd period - Deflect By Tyler Bertuzzi.
14:25 of 2nd period - Shot Misses the Net.
14:25 of 2nd period - Puck is out of play.
14:26 of 2nd period - Radek Faksa wins face-off versus Sam Bennett in Devils zone.
15:19 of 2nd period - Wrist shot by Brett Seney.
15:19 of 2nd period - Stopped by Louis Domingue with a rebound.
15:43 of 2nd period - Slapshot by Carter Ashton.
15:43 of 2nd period - Stopped by Calvin Pickard without a rebound.
15:44 of 2nd period - Radek Faksa wins face-off versus Sam Bennett in Devils zone.
16:09 of 2nd period - Tyler Bertuzzi is hit by Robbie Russo.
16:17 of 2nd period - Snap shot by Alan Quine.
16:17 of 2nd period - Stopped by Louis Domingue with a rebound.
16:19 of 2nd period - Snap shot by Ilya Lyubushkin.
16:19 of 2nd period - Shot Blocked by Artem Zub.
17:22 of 2nd period - Snap shot by Chrstian Dvorak.
17:22 of 2nd period - Stopped by Calvin Pickard with a rebound.
17:55 of 2nd period - Off-side.
17:56 of 2nd period - Reid Boucher wins face-off versus John Quenneville in neutral zone.
18:30 of 2nd period - Snap shot by Carter Ashton.
18:30 of 2nd period - Stopped by Calvin Pickard with a rebound.
19:13 of 2nd period - Niko Mikkola is hit by Sam Bennett and loses puck.
19:22 of 2nd period - Wrist shot by Zack Hamill.
19:22 of 2nd period - Shot Misses the Net.
19:38 of 2nd period - Slapshot by Valeri Nichushkin.
19:38 of 2nd period - Stopped by Louis Domingue with a rebound.
19:40 of 2nd period - Wrist shot by Joonas Donskoi.
19:40 of 2nd period - Stopped by Louis Domingue with a rebound.
19:52 of 2nd period - Jonny Brodzinski is hit by Radek Faksa and loses puck.
Goals for this period are 1 for Devils vs 0 for Punishers.
Shots for this period are 9 for Devils vs 8 for Punishers.
3rd period
0:01 of 3rd period - Zack Hamill wins face-off versus Sam Bennett in neutral zone.
0:09 of 3rd period - Sam Bennett is hit by Tyler Bertuzzi.
0:13 of 3rd period - Logan Shaw is hit by Zack Hamill and loses puck.
0:58 of 3rd period - Backhand shot by Nikita Gusev.
0:58 of 3rd period - Stopped by Calvin Pickard with a rebound.
1:14 of 3rd period - Daniel Audette is hit by Jonny Brodzinski and loses puck.
1:40 of 3rd period - Snap shot by Sven Baertschi.
1:40 of 3rd period - Shot Hit the Post.
1:42 of 3rd period - Backhand shot by Sven Baertschi.
1:42 of 3rd period - Devils goal is going for a video replay.
1:42 of 3rd period - The goal is refused. The goalkeeper has been pushed into the net together with the puck after making a save..
1:43 of 3rd period - Radek Faksa wins face-off versus Alan Quine in Punishers zone.
1:49 of 3rd period - Off-side.
1:50 of 3rd period - Alan Quine wins face-off versus Radek Faksa in neutral zone.
2:35 of 3rd period - Snap shot by John Quenneville.
2:35 of 3rd period - Shot Misses the Net.
2:37 of 3rd period - Slapshot by Connor Clifton.
2:37 of 3rd period - Shot Blocked by Ilya Lyubushkin.
2:39 of 3rd period - Slapshot by John Quenneville.
2:39 of 3rd period - Stopped by Calvin Pickard without a rebound.
2:40 of 3rd period - John Quenneville wins face-off versus Alan Quine in Devils zone.
2:41 of 3rd period - Snap shot by Nikita Gusev.
2:41 of 3rd period - Deflect By Valeri Nichushkin.
2:41 of 3rd period - Stopped by Calvin Pickard with a rebound.
2:49 of 3rd period - Backhand shot by Darren Dietz.
2:49 of 3rd period - Shot Misses the Net.
2:51 of 3rd period - Snap shot by Joonas Donskoi.
2:51 of 3rd period - Shot Blocked by Austen Brassard.
2:53 of 3rd period - Snap shot by Darren Dietz.
2:53 of 3rd period - Stopped by Louis Domingue without a rebound.
2:54 of 3rd period - Zack Hamill wins face-off versus Sam Bennett in Punishers zone.
4:09 of 3rd period - Wrist shot by Jonny Brodzinski.
4:09 of 3rd period - Stopped by Louis Domingue with a rebound.
4:51 of 3rd period - Noah Juulsen is hit by Reid Boucher and loses puck.
5:04 of 3rd period - Snap shot by Zack Hamill.
5:04 of 3rd period - Goal by Zack Hamill - Devils : 2 - Punishers : 3.
5:05 of 3rd period - Radek Faksa wins face-off versus Sam Bennett in neutral zone.
5:07 of 3rd period - Off-side.
5:08 of 3rd period - Carter Ashton wins face-off versus Sam Bennett in neutral zone.
5:19 of 3rd period - Snap shot by Logan Shaw.
5:19 of 3rd period - Stopped by Louis Domingue without a rebound.
5:20 of 3rd period - Sam Bennett wins face-off versus Corey Tropp in Punishers zone.
5:21 of 3rd period - Snap shot by Sven Baertschi.
5:21 of 3rd period - Shot Blocked by Ben Betker.
5:45 of 3rd period - Brandon Carlo is hit by Ben Betker and loses puck.
5:52 of 3rd period - Brett Kulak is hit by Joonas Donskoi and loses puck.
6:09 of 3rd period - Wrist shot by Brett Seney.
6:09 of 3rd period - Stopped by Louis Domingue without a rebound.
6:10 of 3rd period - John Quenneville wins face-off versus Sam Bennett in Punishers zone.
6:21 of 3rd period - Snap shot by Logan Shaw.
6:21 of 3rd period - Stopped by Louis Domingue with a rebound.
6:23 of 3rd period - Slapshot by Robbie Russo.
6:23 of 3rd period - Shot Blocked by Noah Juulsen.
6:25 of 3rd period - Slapshot by Logan Shaw.
6:25 of 3rd period - Goal by Logan Shaw - Devils : 3 - Punishers : 3.
6:26 of 3rd period - Zack Hamill wins face-off versus Sam Bennett in neutral zone.
7:16 of 3rd period - Off-side.
7:17 of 3rd period - Reid Boucher wins face-off versus Daniel Audette in neutral zone.
7:41 of 3rd period - Slapshot by Daniel Audette.
7:41 of 3rd period - Deflect By Brandon Carlo.
7:41 of 3rd period - Stopped by Calvin Pickard with a rebound.
8:03 of 3rd period - Snap shot by Michael Joly.
8:03 of 3rd period - Stopped by Calvin Pickard without a rebound.
8:04 of 3rd period - Zack Hamill wins face-off versus Sam Bennett in Devils zone.
8:07 of 3rd period - Slapshot by Zack Hamill.
8:07 of 3rd period - Goal by Zack Hamill - Devils : 3 - Punishers : 4.
8:08 of 3rd period - Sam Bennett wins face-off versus Zack Hamill in neutral zone.
8:29 of 3rd period - Minor Penalty to Corey Tropp for Hooking.
8:30 of 3rd period - Zack Hamill wins face-off versus Sven Baertschi in Punishers zone.
8:35 of 3rd period - Slapshot by Brett Kulak.
8:35 of 3rd period - Shot Misses the Net.
10:11 of 3rd period - Sven Baertschi is hit by Noah Juulsen and loses puck.
10:29 of 3rd period - Penalty to Corey Tropp is over, Corey Tropp is back on ice.
10:44 of 3rd period - Wrist shot by Brett Seney.
10:44 of 3rd period - Shot Misses the Net.
11:16 of 3rd period - Icing by Mason Marchment.
11:17 of 3rd period - Brett Howden wins face-off versus Daniel Audette in Devils zone.
11:30 of 3rd period - Slapshot by Michael Joly.
11:30 of 3rd period - Stopped by Calvin Pickard with a rebound.
11:32 of 3rd period - Snap shot by Anton Blidh.
11:32 of 3rd period - Shot Misses the Net.
11:42 of 3rd period - Joonas Donskoi is hit by Brett Kulak and loses puck.
12:02 of 3rd period - Off-side.
12:03 of 3rd period - John Quenneville wins face-off versus Sam Bennett in neutral zone.
12:50 of 3rd period - Conor Garland is hit by Brett Kulak and loses puck.
14:19 of 3rd period - Slapshot by Ben Hutton.
14:19 of 3rd period - Stopped by Louis Domingue with a rebound.
14:58 of 3rd period - Brett Howden is hit by Artem Zub and loses puck.
15:51 of 3rd period - Snap shot by Brett Seney.
15:51 of 3rd period - Shot Blocked by Niko Mikkola.
15:53 of 3rd period - Wrist shot by Reid Boucher.
15:53 of 3rd period - Stopped by Louis Domingue with a rebound.
16:07 of 3rd period - Slapshot by Nikita Gusev.
16:07 of 3rd period - Shot Misses the Net.
16:09 of 3rd period - Slapshot by Niko Mikkola.
16:09 of 3rd period - Shot Blocked by Robbie Russo.
16:11 of 3rd period - Slapshot by Austen Brassard.
16:11 of 3rd period - Shot Misses the Net.
16:13 of 3rd period - Snap shot by Austen Brassard.
16:13 of 3rd period - Shot Blocked by Sven Baertschi.
16:25 of 3rd period - Robbie Russo is hit by Artem Zub and loses puck.
16:42 of 3rd period - Snap shot by Jonny Brodzinski.
16:42 of 3rd period - Stopped by Louis Domingue with a rebound.
17:16 of 3rd period - Icing by Jake Bean.
17:17 of 3rd period - John Quenneville wins face-off versus Sam Bennett in Devils zone.
17:42 of 3rd period - Snap shot by Brett Kulak.
17:42 of 3rd period - Stopped by Calvin Pickard without a rebound.
17:43 of 3rd period - Alan Quine wins face-off versus Corey Tropp in Devils zone.
18:16 of 3rd period - Wrist shot by Joonas Donskoi.
18:16 of 3rd period - Shot Hit the Post.
18:22 of 3rd period - Snap shot by John Quenneville.
18:22 of 3rd period - Goal by John Quenneville - Devils : 3 - Punishers : 5.
18:23 of 3rd period - Zack Hamill wins face-off versus Sam Bennett in neutral zone.
18:26 of 3rd period - Brandon Carlo is hit by Ben Betker and loses puck.
19:47 of 3rd period - Slapshot by Artem Zub.
19:47 of 3rd period - Shot Blocked by Valeri Nichushkin.
Goals for this period are 1 for Devils vs 3 for Punishers.
Shots for this period are 10 for Devils vs 10 for Punishers.